 Dungeon Crawl Stone Soup version 0.29.0-4-gdea44cf6ec (webtiles) character file.

Game seed: 1175008757617100069

408 qw the Chopper (level 6, -6/37 HPs)
             Began as a Tengu Warper on Aug 28, 2022.
             Mangled by a kobold brigand
             ... wielding a +0 short sword
              (8 damage)
             ... in a sewer.
             The game lasted 00:00:22 (4546 turns).

qw the Chopper (Tengu Warper)                       Turns: 4546, Time: 00:00:23

Health: -6/37      AC: 10    Str: 14    XL:     6   Next: 88%
Magic:  10/10      EV: 11    Int: 13    God:
Gold:   171        SH:  0    Dex: 13    Spells: 9/9 levels left

rFire   . . .      SeeInvis .   Y - +0 broad axe (chaos)
rCold   . . .      Faith    .   (no shield)
rNeg    . . .      Spirit   .   o - +0 scale mail
rPois   .          Reflect  .   (helmet restricted)
rElec   .          Harm     .   (no cloak)
rCorr   +          Rampage  .   (no gloves)
Will    .....                   (boots unavailable)
Stlth   ..........              (no amulet)
HPRegen 0.12/turn               d - ring of resist corrosion
MPRegen 0.12/turn               j - +4 ring of protection

@: flying quickly and evasively, slowed, very slow
A: beak, talons 3, nimble flight
a: no special abilities


You were in a sewer.
You visited 2 branches of the dungeon, and saw 5 of its levels.
You also visited: Sewer.

You collected 231 gold pieces.
You spent 60 gold pieces at shops.


Innate Abilities, Weirdness & Mutations

You have a beak for a mouth.
You have claws for feet.
Your magical nature lets you fly swiftly and evasively.


   Skills:
 - Level 3.6 Fighting
 + Level 7.0 Axes
 - Level 1.0 Throwing
 - Level 1.1 Armour
 - Level 2.1 Dodging
 - Level 2.0 Spellcasting
 - Level 2.4 Translocations


You had 9 spell levels left.
You didn't know any spells.
Your spell library contained the following spells:

 Spells                   Type           Power      Damage    Failure   Level
 Blink                    Tloc           14%        N/A       54%         2
 Gell's Gravitas          Tloc           7%         N/A       77%         3
 Lesser Beckoning         Tloc           7%         N/A       77%         3
 Teleport Other           Tloc           7%         N/A       77%         3
 Manifold Assault         Tloc           7%         N/A       100%        5

Inventory:

Hand Weapons
 b - a +0 flail
 Y - a +0 broad axe of chaos (weapon)
Armour
 o - a +0 scale mail (worn)
Jewellery
 d - a ring of resist corrosion (left hand)
 j - a +4 ring of protection (right hand)
Scrolls
 c - a scroll of fog {unknown}
 p - 2 scrolls of identify
Potions
 a - a potion of resistance {unknown}
 f - a potion of flight {unknown}
 g - a potion of heal wounds {unknown}
 l - 2 potions of curing
 m - a potion of haste {unknown}
 n - a potion of degeneration {unknown}

Dungeon Overview and Level Annotations

Branches:
Dungeon (4/15)             Temple (1/1) D:4           Sewer (1/1)

Altars:
Ashenzari
Dithmenos
Elyvilon
Kikubaaqudgha
Makhleb
Nemelex Xobeh
Qazlal
Sif Muna
Trog
Uskayaw
The Shining One

Shops:
D:3 *

Annotations:
D:4 2 transporters, qw's ghost, amateur TeWr


Message History

Things that are here:
a +0 short sword; 4 stones; a kobold corpse
p - 2 scrolls of identify (gained 1)
There is an open door here.
Things that are here:
a +0 short sword; 4 stones; a kobold corpse As you open the door, it creaks loudly!
A kobold brigand comes into view.
It is wielding a +0 short sword and quivering curare-tipped darts.
The kobold brigand shouts!
The kobold brigand throws a curare-tipped dart.
The curare-tipped dart hits you.
You are poisoned.
You have difficulty breathing.
You feel yourself slow down.
Found a twisted jewelled staff.
You feel very sick.
You closely miss the kobold brigand.
You feel very sick.
The kobold brigand hits you with a +0 short sword.
The kobold brigand barely misses you.
You closely miss the kobold brigand. Your kick misses the kobold brigand.
You feel very sick.
The kobold brigand hits you but does no damage. x2
You slash the kobold brigand! You burn the kobold brigand.
Your peck misses the kobold brigand.
The kobold brigand is heavily wounded.
You feel sick.
The kobold brigand hits you with a +0 short sword.
The kobold brigand hits you but does no damage.
You hit the kobold brigand. You burn the kobold brigand.
Your kick misses the kobold brigand. Your peck misses the kobold brigand.
The kobold brigand is severely wounded.
You feel sick. The kobold brigand barely misses you.
The kobold brigand hits you with a +0 short sword.
You closely miss the kobold brigand. Your kick misses the kobold brigand.
Your peck misses the kobold brigand.
The kobold brigand is severely wounded.
You feel sick.
You are no longer poisoned.
The kobold brigand hits you with a +0 short sword!
You die...

## ################ #|
#.##.##\##.##.## #.
#.##.##.##.##.##
#K##)##'##.##)##%##
#.@................
~~~~~#~~~~~~~~~.~~~~~~~~
~~~~~#~~~~~~~~~\~~~~~~~~
~~~~~#~~~~~~~~~.~~~~~~~~
######...........%......
#+##+##+##'##'##[##
#.##.##.## #.##.##(##
##########


You could see a kobold brigand.

Vanquished Creatures
  Pargi (Sewer)
  2 orc priests (D:3)
  Natasha (thrice) (D:2)
  An iguana (D:3)
  An orc wizard (D:3)
  4 gnolls
  3 adders
  2 dart slugs (D:2)
  2 orcs (D:3)
  5 endoplasms
  2 giant cockroaches
  A goblin (D:4)
  3 hobgoblins
  5 jackals
  6 quokkas
  5 ball pythons
  5 bats
  3 frilled lizards
  15 kobolds
  4 rats
73 creatures vanquished.

Notes
Turn   | Place    | Note
-------+----------+-------------------------------------------
     0 | D:1      | qw the Tengu Warper began the quest for the Orb.
     0 | D:1      | Reached XP level 1. HP: 12/12 MP: 4/4
     0 | D:1      | 0 ||| qw: Version: 0.1-a-89-g26bdef1
     0 | D:1      | 0 ||| qw: Game counter: 1327
     0 | D:1      | 0 ||| qw: Always use a shield: true
     0 | D:1      | 0 ||| qw: God list: Okawaru
     0 | D:1      | 0 ||| qw: Allow faded altars: false
     0 | D:1      | 0 ||| qw: Do Orc after D:15 true
     0 | D:1      | 0 ||| qw: Do second Lair branch before Depths: true
     0 | D:1      | 0 ||| qw: Lair rune preference: random
     0 | D:1      | 0 ||| qw: Plans: Normal
     0 | D:1      | 0 ||| PLANNING D:1-11
    31 | D:1      | 31 ||| Stepping ~*~*~tactically~*~*~ (stealth).
    32 | D:1      | 32 ||| Stepping ~*~*~tactically~*~*~ (stealth).
    79 | D:1      | Found a faded altar of an unknown god.
   124 | D:1      | HP: 2/12 [gnoll/+0 club (3)]
   126 | D:1      | Reached skill level 3 in Axes
   126 | D:1      | Reached XP level 2. HP: 3/17 MP: 6/6
   529 | D:1      | 529 ||| DROPPING +0 club.
   543 | D:1      | 543 ||| Stepping ~*~*~tactically~*~*~ (stealth).
   544 | D:1      | 544 ||| Stepping ~*~*~tactically~*~*~ (stealth).
   584 | D:1      | 584 ||| Stepping ~*~*~tactically~*~*~ (stealth).
   586 | D:1      | 586 ||| Stepping ~*~*~tactically~*~*~ (stealth).
   601 | D:1      | Reached XP level 3. HP: 8/21 MP: 7/7
  1115 | D:1      | 1115 ||| UPGRADING to +0 ring mail.
  1125 | D:1      | 1125 ||| DROPPING +0 leather armour.
  1126 | D:1      | 1126 ||| DROPPING amulet of faith.
  1127 | D:1      | 1127 ||| UPGRADING to ring of resist corrosion.
  1128 | D:1      | 1128 ||| UPGRADING to +4 ring of protection.
  1129 | D:1      | 1129 ||| READING scroll labelled QUUCZA MEUV.
  1130 | D:1      | 1130 ||| READING scroll labelled EFEKHU SIUDU.
  1131 | D:1      | 1131 ||| READING scroll labelled ARIW FEKEVEDIT.
  1132 | D:1      | 1132 ||| DROPPING scroll of blinking.
  1169 | D:2      | Noticed Natasha
  1177 | D:2      | Killed Natasha
  1178 | D:2      | Reached skill level 4 in Axes
  1270 | D:2      | Reached XP level 4. HP: 26/26 MP: 8/8
  1517 | D:2      | 1517 ||| Stepping ~*~*~tactically~*~*~ (hiding).
  1680 | D:2      | 1680 ||| Stepping ~*~*~tactically~*~*~ (hiding).
  2004 | D:2      | Noticed Natasha
  2008 | D:2      | Killed Natasha
  2009 | D:2      | Reached skill level 5 in Axes
  2045 | D:2      | 2045 ||| READING scroll of enchant weapon.
  2045 | D:2      | 2045 ||| ENCHANTING +1 hand axe.
  2226 | D:2      | 2226 ||| Stepping ~*~*~tactically~*~*~ (stealth).
  2227 | D:2      | 2227 ||| Stepping ~*~*~tactically~*~*~ (stealth).
  2279 | D:2      | Noticed Natasha
  2285 | D:2      | Killed Natasha
  2286 | D:2      | Gained mutation: Your magical nature lets you fly swiftly
                  | and evasively. [Tengu growth]
  2286 | D:2      | Reached XP level 5. HP: 14/30 MP: 9/9
  2531 | D:2      | 2531 ||| READING 2 scrolls labelled ADAMIRCH WOURPHI.
  2534 | D:2      | 2534 ||| READING scroll labelled ORESUH NESM.
  2535 | D:2      | 2535 ||| DRINKING 2 bubbling puce potions.
  2536 | D:2      | 2536 ||| DROPPING potion of attraction.
  2592 | D:3      | 2592 ||| SWAPPING to +0 broad axe.
  2593 | D:3      | 2593 ||| DROPPING +2 hand axe.
  2732 | D:3      | 2732 ||| Stepping ~*~*~tactically~*~*~ (hiding).
  2748 | D:3      | Reached skill level 6 in Axes
  2748 | D:3      | 2748 ||| FLEEEEING.
  2759 | D:3      | Reached XP level 6. HP: 11/35 MP: 10/10
  2779 | D:3      | 2779 ||| FLEEEEING.
  2982 | D:3      | 2982 ||| Stepping ~*~*~tactically~*~*~ (stealth).
  3054 | D:3      | Found an ancient bone altar of Kikubaaqudgha.
  3262 | D:3      | Reached skill level 7 in Axes
  3372 | D:3      | Found Luushest's General Store.
  3377 | D:3      | 3377 ||| BUYING potion of curing (36 gold).
  3377 | D:3      | Bought a potion of curing for 36 gold pieces
  3377 | D:3      | 3377 ||| BUYING scroll of identify (24 gold).
  3377 | D:3      | Bought a scroll of identify for 24 gold pieces
  3547 | D:3      | 3547 ||| UPGRADING to +0 scale mail.
  3557 | D:3      | 3557 ||| DROPPING +0 ring mail.
  3558 | D:3      | 3558 ||| READING scroll labelled BUKKYISHAE.
  3699 | D:3      | 3699 ||| READING 3 scrolls labelled LAUSAI ZOGY.
  3700 | D:3      | 3700 ||| READING scroll labelled RIXIOKUILI.
  3701 | D:3      | 3701 ||| READING 2 scrolls of identify.
  3701 | D:3      | 3701 ||| IDENTIFYING glowing emerald potion
  3702 | D:3      | 3702 ||| DROPPING potion of lignification.
  3703 | D:3      | 3703 ||| DROPPING 2 scrolls of summoning.
  3749 | D:4      | 3749 ||| PLANNING SEWER
  3784 | D:4      | 3784 ||| DROPPING +0 whip.
  3794 | D:4      | Found a staircase to the Ecumenical Temple.
  3795 | D:4      | 3795 ||| PLANNING TEMPLE
  3804 | Temple   | Entered the Ecumenical Temple
  3805 | Temple   | 3805 ||| READING scroll of teleportation.
  3806 | Temple   | 3806 ||| PLANNING SEWER
  3817 | D:4      | Found a transporter.
  3819 | D:4      | Noticed qw's ghost (amateur TeWr)
  3820 | D:4      | Found a transporter.
  3851 | D:4      | Noticed a black bear
  3852 | D:4      | 3852 ||| FLEEEEING.
  3853 | D:4      | 3853 ||| FLEEEEING.
  3854 | D:4      | 3854 ||| FLEEEEING.
  3855 | D:4      | 3855 ||| FLEEEEING.
  3856 | D:4      | 3856 ||| FLEEEEING.
  3857 | D:4      | 3857 ||| FLEEEEING.
  3858 | D:4      | 3858 ||| FLEEEEING.
  3859 | D:4      | 3859 ||| FLEEEEING.
  3860 | D:4      | 3860 ||| FLEEEEING.
  3861 | D:4      | 3861 ||| FLEEEEING.
  3867 | D:4      | 3867 ||| FLEEEEING.
  3868 | D:4      | 3868 ||| FLEEEEING.
  3869 | D:4      | 3869 ||| FLEEEEING.
  3870 | D:4      | 3870 ||| FLEEEEING.
  3871 | D:4      | 3871 ||| FLEEEEING.
  3886 | D:4      | 3886 ||| FLEEEEING.
  3887 | D:4      | 3887 ||| FLEEEEING.
  3888 | D:4      | 3888 ||| FLEEEEING.
  3889 | D:4      | 3889 ||| FLEEEEING.
  3890 | D:4      | 3890 ||| FLEEEEING.
  3891 | D:4      | 3891 ||| FLEEEEING.
  3892 | D:4      | 3892 ||| STAIRDANCE
  4009 | D:4      | 4009 ||| STAIRDANCE
  4040 | D:4      | 4040 ||| Stepping ~*~*~tactically~*~*~ (stealth).
  4045 | D:4      | 4045 ||| Stepping ~*~*~tactically~*~*~ (stealth).
  4140 | D:4      | Found a glowing drain.
  4155 | Sewer    | Entered a sewer
  4190 | Sewer    | Noticed Pargi
  4201 | Sewer    | HP: 6/36 [Pargi (5)]
  4203 | Sewer    | HP: 2/36 [Pargi (2)]
  4204 | Sewer    | Killed Pargi
  4205 | Sewer    | Reached skill level 3 in Fighting
  4544 | Sewer    | HP: 8/37 [kobold brigand/+0 short sword (5)]
  4545 | Sewer    | HP: 2/37 [kobold brigand/+0 short sword (4)]
  4546 | Sewer    | Mangled by a kobold brigand

Levels and vault maps discovered:
D:1:      doesnt_arrival_eight_statues, layout_loops_ring,
          dreamdust_ecumenical_altar_sealed_demon
D:2:      layout_basic, minivault_25, uniq_natasha
D:3:      layout_loops_ring, lemuel_doored_altar, serial_shops,
          nicolae_shop_hallway_plus
D:4:      layout_gridville, minmay_temple_entry_statues_pillars,
          portal_sewer_entry_f, gammafunk_ghost_mausoleum,
          chequers_decorated_corner
Temple:   hellmonk_temple_micro_hex
Sewer:    kennysheep_door_sewer

Skill      XL: |  1  2  3  4  5  6 |
---------------+-------------------+-----
Axes           | 3 4 5 6 7 |  7.0
Fighting       | 3 |  3.6
Throwing       | |  1.0
Armour         | |  1.1
Dodging        | |  2.1
Spellcasting   | |  2.0
Translocations | |  2.4

Action                   |  1- 3 |  4- 6 || total
-------------------------+-------+-------++-------
Melee: Hand axe          |    43 |    37 ||    80
       Peck              |     9 |    14 ||    23
       Kick              |     6 |    24 ||    30
       Broad axe         |       |    80 ||    80
Throw: Boomerang         |     7 |       ||     7
  Use: Scroll            |     3 |     8 ||    11
       Potion            |       |     1 ||     1
Armor: Leather armour    |     7 |       ||     7
       Ring mail         |     1 |    19 ||    20
       Scale mail        |       |    38 ||    38
Dodge: Dodged            |    25 |    77 ||   102

Table legend:
 A = Non-vault XP
 B = Vault XP
 C = Vault XP percentage of total XP
 D = Non-vault monster count
 E = Vault monster count
 F = Vault count percentage of total count
                 A         B        C        D         E       F
            +---------+---------+-------+---------+---------+-------
      Total |     399 |     184 |  31.6 |      58 |      15 |  20.5
            +---------+---------+-------+---------+---------+-------
        D:1 |      41 |       0 |   0.0 |      19 |       0 |   0.0
        D:2 |     117 |      39 |  25.0 |      14 |       1 |   6.7
        D:3 |     189 |       0 |   0.0 |      16 |       0 |   0.0
        D:4 |      52 |      12 |  18.8 |       9 |       6 |  40.0
      Sewer |       0 |     133 | 100.0 |       0 |       8 | 100.0
            +---------+---------+-------+---------+---------+-------
